AoeStats
← 野猪也疯狂

Arabia

507691493Analyzed
1v1 RM · 14d ago on Sep 19, 2026· 42m 52s· 2 players
Game mode
Random Map
Map size
Tiny (2 player)
Population
200
Speed
Normal
Resources
Standard
Victory
Conquest
Starting age
Dark Age
Ending age
Imperial Age
RankedLock teamsTeams togetherTeam positionsShared explorationLock speedFull tech treeHidden civsTurbo modeCheats
Victory
Defeat
🇨🇳 Berbers · China
1413
+14
🇦🇷 Mongols · Argentina
1379
-14
野猪也疯狂
9:09 Feudal Age
9:15 Man-at-Arms
10:01 Loom
10:03 Double-Bit Axe
15:19 Horse Collar
16:09 Fletching
16:20 Padded Archer Armor
18:35 Wheelbarrow
25:03 Castle Age
23:50 Gold Mining
24:14 Bloodlines
24:01 Stone Mining
26:06 Bow Saw
27:53 Husbandry
30:23 Ballistics
35:22 Leather Archer Armor
Saku007
6:37 Loom
9:27 Feudal Age
14:13 Fletching
18:33 Padded Archer Armor
24:45 Castle Age
22:55 Gold Mining
24:07 Scale Barding Armor
24:04 Horse Collar
25:35 Bodkin Arrow
25:09 Crossbowman
26:09 Double-Bit Axe
27:50 Leather Archer Armor
29:20 Bloodlines
33:34 Wheelbarrow
33:43 Ballistics
33:56 Husbandry
42:33 Imperial Age
40:43 Forging
41:23 Chain Barding Armor
42:21 Stone Mining
43:21 Thumb Ring
44:31 Chemistry
Connection lost

Rejoining the realm…

Still unreachable

The connection could not be restored.

Session expired

The server has moved on; the page needs a fresh start.